 Dungeon Crawl Stone Soup version 0.28-a0-863-g8cecda6153 (webtiles) character file.

Game seed: 4445719959514784762

33 kae the Ruffian (level 3, 0/29 HPs)
             Began as a Draconian Transmuter on Nov 18, 2021.
             Slain by a frilled lizard (1 damage)
             ... on level 2 of the Dungeon.
             The game lasted 00:00:47 (1165 turns).

kae the Ruffian (Draconian Transmuter)              Turns: 1165, Time: 00:00:48

Health: 0/29       AC:  5    Str: 12    XL:     3   Next: 12%
Magic:  4/6        EV: 12    Int: 14    God:
Gold:   33         SH:  0    Dex: 11    Spells: 5/6 levels left

rFire   . . .      SeeInvis .     - Unarmed
rCold   . . .      Faith    .   (no shield)
rNeg    . . .      Spirit   .   (armour unavailable)
rPois   .          Reflect  .   (helmet unavailable)
rElec   .          Harm     .   (no cloak)
rCorr   .          Rampage  .   (no gloves)
Will    +....                   (boots currently unavailable)
Stlth   ++........              (no amulet)
HPRegen 0.09/turn               (no ring)
MPRegen 0.10/turn               (no ring)

@: appendages (expiring)
A: horns 3, talons 2, AC +5, unfitting armour, cold-blooded, thin skeletal
structure 1, clumsy 1, strong-willed 1
a: End Transformation


You were on level 2 of the Dungeon.
You had temporarily grown beastly horns and talons.
You visited 1 branch of the dungeon, and saw 2 of its levels.

You collected 33 gold pieces.

You aren't carrying anything.


   Skills:
 + Level 1.7 Fighting
 + Level 2.0 Dodging
 * Level 3.4 Unarmed Combat
 + Level 2.2 Spellcasting
 + Level 2.3 Transmutations


You had 5 spell levels left.
You knew the following spells:

 Your Spells              Type           Power      Damage    Failure   Level
a - Beastly Appendage     Tmut           16%        N/A       9%          1

Your spell library contained the following spells:

 Spells                   Type           Power      Damage    Failure   Level
 Wereblood                Tmut           8%         N/A       14%         2
 Spider Form              Tmut/Pois      4%         N/A       41%         3
 Ice Form                 Ice/Tmut       4%         N/A       82%         4


Dungeon Overview and Level Annotations

Branches:
Dungeon (2/15)

Altars:


Innate Abilities, Weirdness & Mutations

You have temporarily grown beastly horns and talons.
Your plain brown scales are hard. (AC +5)
You cannot fit into any form of body armour.
You are cold-blooded and may be slowed by cold attacks.
You have a somewhat thin skeletal structure. (Dex +2, Stealth+)
You are clumsy. (Dex -2)
You are strong-willed. (Will+)


Message History

* * * LOW HITPOINT WARNING * * *
It was a potion of mutation.
You feel extremely strange.
Your bones become slightly less dense.
The horns on your head grow some more.
You feel clumsy.
You feel strong-willed. The adder bites you but does no damage.
The ball python misses you. The ball python grabs you.
The ball python constricts you.
* * * LOW HITPOINT WARNING * * *
You aren't carrying any scrolls.
You aren't carrying any items that you can evoke.
Unknown command.
You aren't carrying any scrolls.
You aren't carrying any potions.
Unknown command.
You barely miss the adder. You claw the adder.
The adder is moderately wounded.
The adder closely misses you. The ball python bites you.
* * * LOW HITPOINT WARNING * * *
The ball python constricts you.
You hit the adder. Your kick misses the adder. You headbutt the adder.
You kill the adder!
The ball python bites you but does no damage.
The ball python constricts you.
You have reached level 3!
Your experience leads to an increase in your attributes!
Increase (S)trength, (I)ntelligence, or (D)exterity?
You feel clever.
Your scales feel tougher.
You barely miss the ball python. Your kick misses the ball python.
The ball python barely misses you. The ball python constricts you.
You closely miss the ball python. Your headbutt misses the ball python.
The ball python bites you.
* * * LOW HITPOINT WARNING * * *
The ball python constricts you.
You hit the ball python. Your kick misses the ball python.
The ball python is severely wounded.
The ball python barely misses you. The ball python constricts you.
You hit the ball python but do no damage.
You headbutt the ball python.
You kill the ball python!
You closely miss the frilled lizard. The frilled lizard bites you.
You die...

........>## #.≈...
..........##....≈.
..............≈≈≈.
..........#.....?.
<.........##....##..
............## .....
.........##..#.....
..........##l#...# #
#.#######..†@#...#.#
#. ###.........
#........#
..######.<.......
#..........#.....
####..........#..
#[............
#......#......
##............


You could see a frilled lizard.

Vanquished Creatures
  An adder (D:2)
  4 endoplasms (D:1)
  A giant cockroach (D:1)
  4 kobolds (D:1)
  A quokka (D:1)
  A ball python (D:2)
  2 bats (D:1)
  3 frilled lizards (D:1)
  3 goblins (D:1)
  4 rats (D:1)
24 creatures vanquished.

Notes
Turn   | Place    | Note
-------+----------+-------------------------------------------
     0 | D:1      | kae the Draconian Transmuter began the quest for the Orb.
     0 | D:1      | Reached XP level 1. HP: 16/16 MP: 3/3
   346 | D:1      | Reached XP level 2. HP: 23/23 MP: 3/5
  1158 | D:2      | Gained mutation: You have a somewhat thin skeletal
                  | structure. (Dex +2, Stealth+) [potion of mutation]
  1158 | D:2      | Gained mutation: You have a pair of large horns on your
                  | head. [potion of mutation]
  1158 | D:2      | Gained mutation: You are clumsy. (Dex -2) [potion of
                  | mutation]
  1158 | D:2      | Gained mutation: You are strong-willed. (Will+) [potion of
                  | mutation]
  1161 | D:2      | Reached XP level 3. HP: 3/29 MP: 4/6
  1162 | D:2      | HP: 1/29 [ball python (2)]
  1165 | D:2      | Slain by a frilled lizard

Illustrated notes

Levels and vault maps discovered:
D:1:      dpeg_arrival_rooms_with_view, layout_loops_ring
D:2:      layout_rooms, serial_rivers, chequers_serial_rivers_micro_a,
          chequers_serial_rivers_micro_c, chequers_serial_rivers_micro_a,
          chequers_serial_rivers_micro_c, chequers_serial_rivers_micro_c,
          serial_bayou_pond_b

Skill      XL: |  1  2 |
---------------+-------+-----
Dodging        | 2 |  2.0
Fighting       | |  1.7
Unarmed Combat | |  3.4
Spellcasting   | |  2.2
Transmutations | |  2.3

Action                   || total
-------------------------++-------
Melee: Unarmed           ||    57
       Tailslap          ||     5
       Kick              ||     8
       Headbutt          ||     8
 Cast: Beastly Appendage ||    18
  Use: Scroll            ||     1
       Potion            ||     1
Armor: Skin              ||    22
Dodge: Dodged            ||    48

Table legend: (Time is in decaauts)
 A = Elapsed time spent in this place.
 B = Non-inter-level travel time spent in this place.
 C = Inter-level travel time spent in this place.
 D = Time resting spent in this place.
 E = Time spent auto-exploring this place.
 F = Levels seen in this place.
 G = Mean time per level.
                   A        B        C        D        E       F      G
               +--------+--------+--------+--------+--------+-----+--------+
         Total |   1163 |   1150 |     13 |      0 |    975 |   2 |  581.5 |
       Dungeon |   1163 |   1150 |     13 |      0 |    975 |   2 |  581.5 |
               +--------+--------+--------+--------+--------+-----+--------+

Top non-repeatable levels by time:
     D:1: 1129 daAuts
     D:2: 34 daAuts
